 Dungeon Crawl Stone Soup version 0.24-a0-350-g5b3daab8ba (webtiles) character file.

Game seed: 12958673026565999347

148 galech the Skirmisher (level 5, -3/42 HPs)
             Began as a Demonspawn Fighter on May 23, 2019.
             Killed by divine providence
             ... invoked by an orc priest
              (15 damage)
             ... on level 4 of the Dungeon.
             The game lasted 00:02:52 (3331 turns).

galech the Skirmisher (Demonspawn Fighter)          Turns: 3331, Time: 00:02:53

Health: -3/42      AC: 13    Str: 16    XL:     5   Next: 8%
Magic:  5/5        EV:  2    Int:  9    God:
Gold:   384        SH:  9    Dex: 14    Spells: 4/4 levels left

rFire    . . .     SeeInvis +   a - +0 war axe
rCold    . . .     Gourm    .   c - +0 shield
rNeg     . . .     Faith    .   o - +0 plate armour
rPois    .         Spirit   .   (no helmet)
rElec    .         Reflect  .   (no cloak)
rCorr    .         Harm     .   (no gloves)
MR       .....                  (no boots)
Stlth    ..........             (no amulet)
HPRegen  0.14/turn              m - ring of see invisible
MPRegen  0.09/turn              (no ring)

@: no status effects
A: claws 1, slimy green scales 1
a: no special abilities


You were on level 4 of the Dungeon.
You were not hungry.

You visited 1 branch of the dungeon, and saw 4 of its levels.

You collected 384 gold pieces.

Inventory:

Hand Weapons
 a - a +0 war axe (weapon)
Armour
 c - a +0 shield (worn)
 o - a +0 plate armour (worn)
Jewellery
 m - a ring of see invisible (left claw)
Scrolls
 h - 4 scrolls of identify {unknown}
 j - 2 scrolls of teleportation {unknown}
 k - 5 scrolls of remove curse {unknown}
 l - a scroll of blinking {unknown}
 q - a scroll of noise {unknown}
 r - a scroll of enchant armour {unknown}
Potions
 b - a potion of degeneration {unknown}
 d - a potion of might
 e - 2 potions of brilliance {unknown}
 i - a potion of curing {unknown}
 n - a potion of heal wounds {unknown}
 p - 2 potions of magic {unknown}
 s - a potion of haste {unknown}
 t - a potion of ambrosia {unknown}
Comestibles
 f - 5 rations


   Skills:
 + Level 3.7 Fighting
 + Level 3.7 Axes
 + Level 3.0 Armour
 + Level 0.4 Dodging
 + Level 3.1 Shields


You had 4 spell levels left.
You didn't know any spells.
Your spell library was empty.

Dungeon Overview and Level Annotations

Branches:
Dungeon (4/15)
 Temple: D:4-7

Altars:


Innate Abilities, Weirdness & Mutations

You have sharp fingernails.
You are partially covered in slimy green scales. (AC +2)


Message History

You are too injured to fight recklessly!
You are too injured to fight recklessly!
You are too injured to fight recklessly!
You are too injured to fight recklessly!
You are too injured to fight recklessly!
You are too injured to fight recklessly!
You are too injured to fight recklessly!
You barely miss the orc priest.
The orc priest is moderately wounded.
The orc priest mumbles some strange prayers to Beogh against you.
Pain shoots through your body!
* * * LOW HITPOINT WARNING * * *
Your shield and plate armour prevent you from hitting the orc priest.
The orc priest is moderately wounded.
The orc wizard hits you but does no damage.
Your plate armour prevents you from hitting the orc wizard.
The orc wizard hits you but does no damage.
The orc priest mumbles some strange prayers to Beogh against you.
Beogh smites you!
You die...

#
....######
#..Zooo@.#
#.#.####.#
#<>..#
###..#
#..# ####


You could see an orc priest, an orc wizard, an orc and a hound skeleton.

Vanquished Creatures
  4 adders
  3 gnolls (D:2)
  A worm (D:3)
  3 dart slugs
  2 leopard geckos (D:3)
  An orc (D:4)
  3 ball pythons
  10 bats
  3 giant cockroaches
  10 hobgoblins
  2 quokkas
  5 frilled lizards
  9 goblins
  8 kobolds
  10 rats
  A fungus (D:2)
75 creatures vanquished.

Vanquished Creatures (others)
  5 toadstools (D:2)
5 creatures vanquished.

Grand Total: 80 creatures vanquished

Notes
Turn   | Place    | Note
-------+----------+-------------------------------------------
     0 | D:1      | galech the Demonspawn Fighter began the quest for the Orb.
     0 | D:1      | Reached XP level 1. HP: 18/18 MP: 1/1
   167 | D:1      | Gained mutation: You are partially covered in slimy green
                  | scales. (AC +2) [demonic ancestry]
   167 | D:1      | Reached XP level 2. HP: 15/24 MP: 2/2
  1044 | D:2      | Gained mutation: You have sharp fingernails. [demonic
                  | ancestry]
  1044 | D:2      | Reached XP level 3. HP: 29/29 MP: 3/3
  1661 | D:2      | Reached XP level 4. HP: 22/37 MP: 4/4
  2101 | D:2      | Found a faded altar of an unknown god.
  2802 | D:3      | Reached XP level 5. HP: 31/42 MP: 5/5
  3331 | D:4      | Killed from afar by an orc priest

Levels and vault maps discovered:
D:1:      lightli_arrival_quake, layout_basic, roderic_st_hans_cross,
          lemuel_another_geyser
D:2:      layout_basic, chequers_ecumenical_altar_simple,
          minmay_gold_behind_fungi
D:3:      mumra_celtic_spiral_tile, layout_loops_ring, nrook_mini_vaults
D:4:      layout_basic, serial_glass, glass_columns_b, glass_columns_b,
          glass_columns_a, glass_columns_a, glass_columns_b, glass_columns_b,
          glass_columns_a, glass_columns_a, glass_columns_c, glass_columns_c,
          serial_shops, shop

Skill      XL: |  1  2  3  4 |
---------------+-------------+-----
Axes           | 2 3 |  3.7
Armour         | 3 |  3.0
Shields        | 3 |  3.1
Fighting       | |  3.7
Dodging        | |  0.4

Action                   |  1- 3 |  4- 6 || total
-------------------------+-------+-------++-------
Melee: War axe           |   163 |   107 ||   270
  Eat: Chunk             |     3 |     5 ||     8
Armor: Scale mail        |    25 |       ||    25
       Chain mail        |    36 |       ||    36
       Plate armour      |    32 |    54 ||    86
Dodge: Dodged            |    35 |    11 ||    46
Block: Shield            |   101 |    58 ||   159

Table legend:
 A = Non-vault XP
 B = Vault XP
 C = Vault XP percentage of total XP
 D = Non-vault monster count
 E = Vault monster count
 F = Vault count percentage of total count
                 A         B        C        D         E       F
            +---------+---------+-------+---------+---------+-------
      Total |     212 |       0 |   0.0 |      74 |       0 |   0.0
            +---------+---------+-------+---------+---------+-------
        D:1 |      39 |       0 |   0.0 |      25 |       0 |   0.0
        D:2 |     105 |       0 |   0.0 |      26 |       0 |   0.0
        D:3 |      63 |       0 |   0.0 |      21 |       0 |   0.0
        D:4 |       5 |       0 |   0.0 |       2 |       0 |   0.0
            +---------+---------+-------+---------+---------+-------
